Match 47184523
Unlisted

Match 47184523
End
Kradschützen Motorcycle Team
Selects Panzerjäger Kommand Battlegroup
Panzergrenadier Squad
Panzergrenadier Squad
Construct Light Support Kompanie
Selects Tank Busters
Selects Mine Fields
MG34 Team
Fire Support Elements
Flakvierling Half-track
Panzerjäger Mechanized Group
Selects Defensive Positions
Veteran Squad Leaders
Panzerjäger Squad
Vehicle Survival Package
Construct Panzerarmee Kommand
Walking Stuka Rocket Launcher
Panzerjäger Mechanized Group
Selects Butterfly Bomb Drop
Selects Crew Shock Tactics
Butterfly Bomb Drop
Selects Anti-tank Overwatch
Armored Reserves
Anti-tank Overwatch
Tiger Heavy Tank
Task Force X
Allied players r prob gay
Boneless
nayebibit
0
0

Comments sign in to comment!

No comments posted yet!